 Dungeon Sprint DCSS version 0.14-a0-3295-g3fd807f (webtiles) character file.

105 BluebellGnoll the Hoplite (level 4, -8/44 HPs)
             Began as a Troll Fighter on Mar 14, 2014.
             Was a Follower of Okawaru.
             Mangled by a merfolk
             ... wielding a +0,+0 trident
              (13 damage)
             ... in the Dungeon (Sprint V: "Ziggurat Sprint").
             The game lasted 00:06:03 (121 turns).

BluebellGnoll the Hoplite (Troll Fighter)            Turns: 121, Time: 00:06:03

HP  -8/44        AC 20     Str 25      XL: 4   Next: 53%
MP   2/2         EV -5     Int  4      God: Okawaru [*.....]
Gold 0           SH 51     Dex 21      Spells:  0 memorised,  3 levels left

rFire  + . .     SeeInvis .     J - +4,+8 shillelagh "Devastator"
rCold  + . .     Clarity  .     l - +5 gold dragon armour
rNeg   + . .     Conserve .     G - +27 shield of the gong {rElec rN+ MR+ EV-5}
rPois  +         rCorr    .     (helmet restricted)
rElec  +         rRot     .     (no cloak)
SustAb . .       Spirit   .     (gloves unavailable)
rMut   .         Warding  .     (boots unavailable)
Gourm  +         NoTele   +     (no amulet)
MR     +....                    E - +6 ring of dexterity
                                D - +6 ring of dexterity

@: somewhat resistant to hostile enchantments, extremely unstealthy
A: unfitting armour, claws 3, fast metabolism 3, gourmand, regeneration 2,
saprovore 2, shaggy fur 1, tough skin 2
a: Heroism, Renounce Religion


You were in the Dungeon.
You worshipped Okawaru.
Okawaru was aware of your devotion.
You were not hungry.

You visited 1 branch

Inventory:

Hand weapons
 a - a +5,+5 demon whip
 J - the +4,+8 shillelagh "Devastator" (weapon)
   (You found it in the Dungeon)
Armour
 l - a +5 gold dragon armour (worn)
 G - the +27 shield of the gong (worn) {rElec rN+ MR+ EV-5}
   (You found it in the Dungeon)

   It affects your evasion (-5).
   It insulates you from electricity.
   It protects you from negative energy.
   It affects your resistance to hostile enchantments.
Magical devices
 y - a wand of disintegration (7)
 A - a wand of fire (5)
 B - a wand of cold (5)
 C - a wand of draining (5)
Comestibles
 b - 42 strawberries
 c - 4 bread rations
 d - 6 meat rations
Scrolls
 k - 4 scrolls of blinking
 m - 4 scrolls of amnesia
 n - 3 scrolls of recharging
 o - 7 scrolls of fog
 p - a scroll of holy word
 q - 5 scrolls of identify
 r - 5 scrolls of remove curse
 s - 2 scrolls of fear
Jewellery
 D - a +6 ring of dexterity (left claw)
 E - a +6 ring of dexterity (right claw)
 H - a +6 ring of strength
 I - an uncursed ring of positive energy
Potions
 e - 6 potions of might
 f - 10 potions of curing
 g - 10 potions of heal wounds
 h - 6 potions of haste
 i - 7 potions of magic
 j - 3 potions of berserk rage
 t - 2 potions of brilliance
 u - 2 potions of invisibility
 v - 2 potions of restore abilities
 w - 4 potions of resistance
 x - a potion of experience
 z - 5 potions of agility
Miscellaneous
 F - a disc of storms


   Skills:
 - Level 2.4 Fighting
 * Level 1.7 Maces & Flails
 - Level 2.4 Dodging
 - Level 8.0 Shields


You had 3 spell levels left.
You didn't know any spells.

Dungeon Overview and Level Annotations

Branches:
Dungeon (1/1)

Altars:
Ashenzari
Cheibriados
Dithmenos
Elyvilon
Fedhas
Kikubaaqudgha
Makhleb
Nemelex Xobeh
Okawaru
Sif Muna
Trog
Vehumet
Xom
Yredelemnul
Zin
The Shining One
Beogh
Jiyva
Lugonu


Innate Abilities, Weirdness & Mutations

You are too large for most types of armour.
You have claws for hands.
Your metabolism is lightning-fast.
You like to eat raw meat.
You heal very quickly.
You can eat rotten meat.
You are covered in fur (AC +1).
You have very tough skin (AC +2).


Message History

Found four items.
You see here a throwing net.
The merfolk throws a throwing net.
You block the throwing net.
PANG!
The merfolk throws a throwing net.
The throwing net hits you!
You become entangled in the net!
Things that are here:
a throwing net Unknown command.
Unknown command.
You struggle against the net.
The merfolk hits you from afar with a trident!
You struggle against the net.
The merfolk hits you from afar with a trident!
* * * LOW HITPOINT WARNING * * *
The merfolk hits you from afar with a trident.
* * * LOW HITPOINT WARNING * * *
You shred the net and break free!
The merfolk hits you from afar with a trident!
You die...

▓▓▓▓▓▓▓▓▓▓▓▓▓
▓.8©8.▓.8©8.▓
▓.:[[.▓.....▓
▓.....▓.....▓
▓.mmm.▓..|..▓
▓.....▓.....▓
▓..@..▓.....▓
▓..(..▓▓▓▓▓▓▓
▓▓▓▓▓▓▓


You could see 3 merfolk.

Vanquished Creatures
  A necrophage (D)
  A rat skeleton (D)
2 creatures vanquished.

Notes
Turn   | Place    | Note
--------------------------------------------------------------
     0 | D        | BluebellGnoll, the Troll Fighter, began the quest for the Orb.
     0 | D        | Reached XP level 1. HP: 22/22 MP: 1/1
     0 | D        | Found an ancient bone altar of Kikubaaqudgha.
     1 | D        | Found a basalt altar of Yredelemnul.
     1 | D        | Found an iron altar of Okawaru.
     4 | D        | Found a radiant altar of Vehumet.
     4 | D        | Found a shimmering altar of Xom.
     6 | D        | Found a burning altar of Makhleb.
     9 | D        | Found a deep blue altar of Sif Muna.
    10 | D        | Found a white marble altar of Elyvilon.
    11 | D        | Found a sparkling altar of Nemelex Xobeh.
    17 | D        | Found a bloodstained altar of Trog.
    81 | D        | Became a worshipper of Warmaster Okawaru
   108 | D        | Entered arena 1.
   108 | D        | Noticed a necrophage
   111 | D        | Killed a necrophage
   111 | D        | Acquired Okawaru's first power
   111 | D        | Reached skill level 8 in Shields
   111 | D        | Reached XP level 2. HP: 29/29 MP: 1/1
   111 | D        | Reached XP level 3. HP: 36/36 MP: 2/2
   111 | D        | Reached XP level 4. HP: 44/44 MP: 2/2
   117 | D        | Entered arena 2.
   117 | D        | Noticed a merfolk
   117 | D        | Noticed a merfolk
   117 | D        | Noticed a merfolk
   121 | D        | Mangled by a merfolk

Action                   |  1- 3 |  4- 6 || total
-------------------------+-------+-------++-------
Melee: Shillelagh        |     2 |       ||     2
